Map: King's Cove LE

Players

Soon - Winner!

  • Race: Terran Terran
  • League: Grandmaster
  • Spawn Location: 11:00

VOD

Have the link to the VOD?

Description

Time

  • Played on: Oct. 28, 2022, 10:46 a.m.
  • Length: 19:43
Show
View Real Time Build Order
Export as new Build Order

Soon Terran - Winner!

Build Orders: Gas First Reaper Expand, Mech 

Get SALT Encoding   

  12  0:02  SCV  
  12  0:14  SCV  
  12  0:18  Supply Depot  
  12  0:26  SCV  
  12  0:29  Refinery  
  12  0:40  SCV  
  12  0:46  Barracks  
  12  0:52  SCV  
  12  1:04  SCV  
  12  1:16  SCV  
  12  1:33  Orbital Command, Reaper  
  12  1:48  Command Center  
  12  1:58  Factory  
  12  2:02  SCV  
  12  2:08  Barracks Reactor  
  12  2:14  Refinery  
  12  2:15  SCV  
  12  2:24  Supply Depot  
  12  2:27  SCV  
  12  2:43  Starport  
  12  2:46  SCV  
  12  2:54  Hellion x2  
  12  2:58  SCV  
  12  3:00  Orbital Command  
  12  3:04  Marine  
  12  3:10  SCV  
  12  3:21  Fusion Core  
  12  3:22  Hellion  
  12  3:25  Hellion  
  12  3:28  SCV  
  12  3:30  SCV  
  12  3:37  Viking  
  12  3:43  SCV, Supply Depot  
  12  3:45  SCV  
  12  3:48  Barracks Tech Lab  
  12  3:55  SCV  
  12  3:57  SCV  
  12  3:59  Hellion  
  12  4:05  Hellion  
  12  4:06  Supply Depot  
  12  4:15  SCV x2  
  12  4:27  Battlecruiser  
  12  4:29  SCV, Supply Depot  
  12  4:31  SCV  
  12  4:44  Command Center  
  12  4:45  SCV  
  12  4:46  SCV  
  12  4:51  Supply Depot  
  12  4:58  SCV x2, Refinery  
  12  5:00  Refinery  
  12  5:10  SCV x2  
  12  5:12  Factory x2  
  12  5:18  Hellion x2  
  12  5:22  SCV  
  12  5:25  Supply Depot  
  12  5:26  SCV  
  12  5:29  Weapon Refit  
  12  5:37  SCV  
  12  5:38  SCV  
  12  5:49  Supply Depot  
  12  5:54  SCV x2  
  12  5:56  Battlecruiser, Factory Tech Lab  
  12  5:58  Factory Tech Lab  
  12  6:06  SCV x2  
  12  6:13  Refinery  
  12  6:15  Refinery, Supply Depot  
  12  6:18  SCV  
  12  6:19  Siege Tank, SCV  
  12  6:21  Siege Tank  
  12  6:24  Engineering Bay  
  12  6:29  Orbital Command  
  12  6:33  SCV  
  12  6:34  SCV  
  12  6:43  Armory x2  
  12  6:45  SCV  
  12  6:46  SCV  
  12  6:53  Supply Depot  
  12  6:56  Siege Tank x2  
  12  6:57  SCV  
  12  6:58  SCV  
  12  6:59  Supply Depot  
  12  7:00  SCV  
  12  7:09  SCV  
  12  7:10  SCV  
  12  7:12  SCV  
  12  7:14  Battlecruiser  
  12  7:19  Supply Depot  
  12  7:21  SCV  
  12  7:22  SCV, Supply Depot  
  12  7:24  SCV  
  12  7:29  Siege Tank x2  
  12  7:36  Missile Turret  
  12  7:38  SCV x3  
  12  7:39  Missile Turret  
  12  7:45  Factory  
  12  7:46  Factory  
  12  7:50  SCV  
  12  7:51  Supply Depot  
  12  7:53  SCV x2  
  12  7:55  Supply Depot  
  12  7:58  Missile Turret  
  12  8:00  Terran Vehicle And Ship Armor Level 1, Terran Vehicle Weapons Level 1  
  12  8:02  SCV  
  12  8:07  Command Center  
  12  8:10  Siege Tank  
  12  8:16  Siege Tank, Infernal Pre-Igniter  
  12  8:18  Hellion x2  
  12  8:19  SCV x2  
  12  8:20  SCV  
  12  8:30  Factory Reactor, Factory Tech Lab  
  12  8:31  SCV x2  
  12  8:32  SCV  
  12  8:34  Missile Turret  
  12  8:36  Missile Turret x2  
  12  8:42  Siege Tank  
  12  8:43  Hellion x2  
  12  8:48  Siege Tank  
  12  8:51  Siege Tank  
  12  9:06  Hellion x2  
  12  9:07  Hellion x2  
  12  9:12  Supply Depot  
  12  9:13  Missile Turret  
  12  9:19  Siege Tank  
  12  9:20  Siege Tank  
  12  9:24  Siege Tank  
  12  9:32  Factory x3  
  12  9:37  Planetary Fortress  
  12  9:38  Refinery  
  12  9:42  Missile Turret  
  12  9:43  Refinery  
  12  9:58  Siege Tank x2  
  12  10:02  Missile Turret, Supply Depot x2  
  12  10:03  Supply Depot  
  12  10:08  Command Center x2  
  12  10:15  Factory Tech Lab  
  12  10:16  Factory Tech Lab x2  
  12  10:17  Smart Servos  
  12  10:21  Missile Turret, Mag-Field Accelerator  
  12  10:29  Sensor Tower  
  12  10:35  Command Center, Sensor Tower  
  12  10:38  Command Center  
  12  10:42  Missile Turret  
  12  10:43  Thor x3  
  12  10:51  Terran Vehicle Weapons Level 2  
  12  10:58  Terran Vehicle And Ship Armor Level 2  
  12  11:01  Missile Turret  
  12  11:14  Thor  
  12  11:17  Drilling Claws  
  12  11:21  Neosteel Armor  
  12  11:24  Orbital Command  
  12  11:30  Refinery  
  12  11:33  Refinery  
  12  11:38  Command Center  
  12  11:49  Orbital Command  
  12  11:50  Orbital Command  
  12  12:04  Orbital Command  
  12  12:32  Advanced Ballistics  
  12  12:53  Planetary Fortress  
  12  12:57  Missile Turret  
  12  13:05  Orbital Command  
  12  13:16  Terran Vehicle Weapons Level 3, Terran Vehicle And Ship Armor Level 3  
  12  13:19  Missile Turret  
  12  13:31  Command Center  
  12  13:35  Command Center  
  12  13:39  Missile Turret x2  
  12  13:51  Rapid Reignition System  
  12  14:01  Missile Turret  
  12  14:21  Missile Turret  
  12  14:42  Missile Turret  
  12  14:45  Missile Turret  
  12  14:51  Missile Turret  
  12  14:59  Planetary Fortress  
  12  15:01  Planetary Fortress  
  12  15:06  Refinery  
  12  15:13  Missile Turret  
  12  15:14  Command Center x2  
  12  15:15  Missile Turret  
  12  15:16  Missile Turret  
  12  15:32  Command Center  
  12  15:35  Missile Turret, Command Center x2  
  12  15:37  Missile Turret  
  12  15:39  Refinery  
  12  16:00  Sensor Tower  
  12  16:02  Refinery  
  12  16:06  Hi-Sec Auto Tracking  
  12  16:09  Command Center  
  12  16:10  Command Center  
  12  16:11  Missile Turret x3  
  12  16:17  Missile Turret  
  12  16:30  Planetary Fortress  
  12  16:33  Sensor Tower  
  12  16:34  Missile Turret  
  12  16:37  Missile Turret  
  12  16:38  Command Center  
  12  16:41  Command Center  
  12  16:46  Missile Turret, Refinery  
  12  16:48  Orbital Command, Planetary Fortress  
  12  16:49  Missile Turret x2, Planetary Fortress  
  12  16:56  Orbital Command  
  12  17:06  Missile Turret  
  12  17:09  Missile Turret  
  12  17:11  Missile Turret x2  
  12  17:13  Refinery  
  12  17:23  Refinery  
  12  17:24  Refinery  
  12  17:28  Missile Turret  
  12  17:29  Planetary Fortress  
  12  17:30  Orbital Command  
  12  17:31  Missile Turret  
  12  17:51  Missile Turret, Orbital Command  
  12  17:57  Planetary Fortress  
  12  18:11  Missile Turret  
  12  18:18  Command Center  
  12  18:20  Missile Turret  
  12  18:40  Missile Turret  
  12  19:01  Missile Turret  
  12  19:20  Missile Turret  
  12  19:30  Sensor Tower  
Tags
 
Add a new tag
Caveats
  • Supply blocks, unpowered buildings, or Contaminate may cause inaccurate times.
  • Supply counts are checked every 10 seconds.